HSSL
OTSEGO HS BULLDOGS @ ROCKY POINT HS EAGLES
05/12/2027
 
TOP OF THE 1ST
Otsego HS Bulldogs batting - Pitching for Rocky Point HS Eagles : LHP Mike Waddingham
Pitching: LHP Mike Waddingham
Batting: RHB Dan Miller 0-0: Called Strike
0-1: Ground out 6-3 (Groundball, 6)
Batting: LHB Dave Wilkinson 0-0: Foul Ball, location: 2F
0-1: Called Strike
0-2: Strikes out swinging
Batting: RHB Robbie Barnes 0-0: Ground out 6-3 (Groundball, 6)
Top of the 1st over - 0 run(s), 0 hit(s), 0 error(s), 0 left on base; Otsego HS 0 - Rocky Point HS 0
BOTTOM OF THE 1ST
Rocky Point HS Eagles batting - Pitching for Otsego HS Bulldogs : RHP Gordon Long
Pitching: RHP Gordon Long
Batting: LHB Gus Price 0-0: Ball
1-0: Ball
2-0: Ball
3-0: Called Strike
3-1: Base on Balls
Batting: RHB Vincent Turner 0-0: Fly out, F2 (Popup, 2L)
Batting: RHB Fernando Rodríguez 0-0: Called Strike
Gus Price is caught stealing 2nd base
0-1: Foul Ball, location: 2F
0-2: Ball
1-2: Strikes out swinging
Bottom of the 1st over - 0 run(s), 0 hit(s), 0 error(s), 0 left on base; Otsego HS 0 - Rocky Point HS 0
TOP OF THE 2ND
Otsego HS Bulldogs batting - Pitching for Rocky Point HS Eagles : LHP Mike Waddingham
Batting: RHB Sam Elder 0-0: Called Strike
0-1: Fly out, F9 (Flyball, 9S)
Batting: LHB Bill Poe 0-0: Ball
1-0: Ball
2-0: SINGLE (Line Drive, 56)
Batting: RHB Tim Anderson 0-0: Ball
1-0: Foul Ball, location: 2F
1-1: Grounds into double play, 5-4-3 (Groundball, 56)
Top of the 2nd over - 0 run(s), 1 hit(s), 0 error(s), 0 left on base; Otsego HS 0 - Rocky Point HS 0
BOTTOM OF THE 2ND
Rocky Point HS Eagles batting - Pitching for Otsego HS Bulldogs : RHP Gordon Long
Batting: RHB Andrew Pinto 0-0: Ball
1-0: Ball
2-0: Ball
3-0: Base on Balls
Batting: SHB Andrés Coronado 0-0: Ball
1-0: Ground out 3-1 (Groundball, 34)
Andrew Pinto to second
Batting: RHB Liam Simons 0-0: Ball
1-0: Called Strike
1-1: 2-RUN HOME RUN (Flyball, 8RXD) (Inside the Park)
Batting: RHB Fernando Pagán 0-0: Called Strike
0-1: Called Strike
0-2: Ball
1-2: Ball
2-2: Ball
3-2: Base on Balls
Batting: RHB Ramón Garza Balk!
Fernando Pagán to second
0-0: Ball
1-0: Foul Ball, location: 2F
1-1: Swinging Strike
1-2: Foul Ball, location: 2F
1-2: Ball
2-2: Ground out 4-3 (Groundball, 4)
Fernando Pagán to third
Batting: LHB Rob Peterson 0-0: Foul Ball, location: 2F
0-1: Ball
1-1: Ball
2-1: Called Strike
2-2: Fly out, F8 (Flyball, 78D)
Bottom of the 2nd over - 2 run(s), 1 hit(s), 0 error(s), 1 left on base; Otsego HS 0 - Rocky Point HS 2
TOP OF THE 3RD
Otsego HS Bulldogs batting - Pitching for Rocky Point HS Eagles : LHP Mike Waddingham
Batting: RHB Miguel Vega 0-0: Called Strike
0-1: Ball
1-1: Ball
2-1: Called Strike
2-2: Foul Ball, location: 2F
2-2: Ball
3-2: Base on Balls
Batting: RHB Michael Carr 0-0: Ball
1-0: Ball
2-0: Grounds into double play, 6-4-3 (Groundball, 6)
Batting: RHB Pedro Ayala 0-0: Ball
1-0: Ball
2-0: Called Strike
2-1: Ball
3-1: Base on Balls
Batting: RHB Dan Miller 0-0: Foul Ball, location: 2F
0-1: SINGLE (Line Drive, 78S)
Pedro Ayala to second
Batting: LHB Dave Wilkinson 0-0: Foul Ball, location: 2F
0-1: Swinging Strike
0-2: Ball
1-2: Ball
2-2: Ball
3-2: Fly out, F4 (Line Drive, 34)
Top of the 3rd over - 0 run(s), 1 hit(s), 0 error(s), 2 left on base; Otsego HS 0 - Rocky Point HS 2
BOTTOM OF THE 3RD
Rocky Point HS Eagles batting - Pitching for Otsego HS Bulldogs : RHP Gordon Long
Batting: LHB Gus Price 0-0: Called Strike
0-1: Ball
1-1: Fly out, F8 (Flyball, 8LM)
Batting: RHB Vincent Turner 0-0: Ball
1-0: Ball
2-0: SINGLE (Line Drive, 6MD)
Batting: RHB Fernando Rodríguez 0-0: Ball
1-0: Ball
2-0: Called Strike
2-1: Foul Ball, location: 2F
2-2: Ball
3-2: Foul Ball, location: 2F
3-2: DOUBLE (Line Drive, 78D)
Vincent Turner to third
Batting: RHB Andrew Pinto 0-0: Foul Ball, location: 2F
0-1: Called Strike
0-2: Ball
1-2: Foul Ball, location: 2F
1-2: Ball
2-2: Ground out 4-3 (Groundball, 4)
Vincent Turner scores
Fernando Rodríguez to third
Batting: SHB Andrés Coronado 0-0: Ball
1-0: Foul Ball, location: 2F
1-1: Called Strike
1-2: Foul Ball, location: 2F
1-2: Ball
2-2: Fly out, F7 (Flyball, 7LM)
Bottom of the 3rd over - 1 run(s), 2 hit(s), 0 error(s), 1 left on base; Otsego HS 0 - Rocky Point HS 3
TOP OF THE 4TH
Otsego HS Bulldogs batting - Pitching for Rocky Point HS Eagles : LHP Mike Waddingham
Batting: RHB Robbie Barnes 0-0: Ball
1-0: Foul Ball, location: 2F
1-1: Ball
2-1: Ball
3-1: Base on Balls
Batting: RHB Sam Elder 0-0: Ball
1-0: Ball
2-0: SINGLE (Line Drive, 6MD)
Robbie Barnes to second
Batting: LHB Bill Poe 0-0: Called Strike
0-1: Ball
1-1: Ball
2-1: 3-RUN HOME RUN (Line Drive, 9D), Distance : 402 ft
Batting: RHB Tim Anderson 0-0: Called Strike
0-1: Ball
1-1: SINGLE (Groundball, 4D)
Batting: RHB Miguel Vega 0-0: Foul Ball, location: 2F
0-1: Ball
1-1: Foul Ball, location: 2F
1-2: Ball
2-2: Foul Ball, location: 2F
2-2: Strikes out looking
Batting: RHB Michael Carr 0-0: Called Strike
0-1: Called Strike
0-2: Fielders Choice at 2nd, 3-6 (Groundball, 34)
Batting: RHB Pedro Ayala 0-0: Ball
1-0: Ball
2-0: Called Strike
2-1: Ball
3-1: SINGLE (Flyball, 9LS)
Michael Carr to second
Runner from 2nd tries for 3rd, SAFE, throw made to third
Pedro Ayala to second
Batting: RHB Dan Miller 0-0: Ball
1-0: Called Strike
1-1: Ball
2-1: Reached via error on a dropped throw, E3
Michael Carr scores
Pedro Ayala to third
Batting: LHB Dave Wilkinson 0-0: Ball
1-0: Foul Ball, location: 2F
1-1: Ball
2-1: Fly out, F9 (Flyball, 9LS)
Top of the 4th over - 4 run(s), 4 hit(s), 1 error(s), 2 left on base; Otsego HS 4 - Rocky Point HS 3
BOTTOM OF THE 4TH
Rocky Point HS Eagles batting - Pitching for Otsego HS Bulldogs : RHP Gordon Long
Batting: RHB Liam Simons 0-0: Called Strike
0-1: Foul Ball, location: 2F
0-2: Foul Ball, location: 2F
0-2: Ball
1-2: SINGLE (Groundball, 56D)
Batting: RHB Fernando Pagán 0-0: Called Strike
0-1: Ball
1-1: Called Strike
1-2: Strikes out swinging
Batting: RHB Ramón Garza 0-0: Foul Ball, location: 2F
0-1: Ball
1-1: Ball
Wild Pitch!
Liam Simons to second
2-1: Ground out 3-1 (Groundball, 34)
Liam Simons to third
Batting: LHB Rob Peterson 0-0: Ball
1-0: Ball
2-0: Foul Ball, location: 2F
2-1: Ball
3-1: Base on Balls
Batting: LHB Gus Price 0-0: Ground out U3 (Groundball, 3)
Bottom of the 4th over - 0 run(s), 1 hit(s), 0 error(s), 2 left on base; Otsego HS 4 - Rocky Point HS 3
TOP OF THE 5TH
Otsego HS Bulldogs batting - Pitching for Rocky Point HS Eagles : LHP Mike Waddingham
Batting: RHB Robbie Barnes 0-0: Called Strike
0-1: Ball
1-1: Ball
2-1: Ball
3-1: Fly out, F7 (Flyball, 7D)
Batting: RHB Sam Elder 0-0: Ball
1-0: Ball
2-0: Ball
3-0: Base on Balls
Pitching: LHP Keith Burns
Batting: LHB Bill Poe 0-0: Ball
1-0: Ball
2-0: Swinging Strike
2-1: Foul Ball, location: 2F
2-2: Ball
3-2: SINGLE (Line Drive, 89M)
Sam Elder to second
Batting: RHB Tim Anderson 0-0: Called Strike
0-1: Ball
1-1: Ball
2-1: SINGLE (Groundball, 6MD)
Sam Elder to third
Bill Poe to second
Batting: RHB Miguel Vega 0-0: Ball
1-0: DOUBLE (Flyball, 78D)
Sam Elder scores
Bill Poe scores
Tim Anderson to third
Batting: RHB Michael Carr 0-0: Foul Ball, location: 2F
0-1: Swinging Strike
0-2: DOUBLE (Line Drive, 89M)
Tim Anderson scores
Miguel Vega scores
Batting: RHB Pedro Ayala 0-0: Ball
1-0: Ball
2-0: Called Strike
2-1: Ground out 6-3 (Groundball, 6)
Batting: RHB Dan Miller 0-0: Ball
1-0: Ground out 1-3 (Groundball, P)
Top of the 5th over - 4 run(s), 4 hit(s), 0 error(s), 1 left on base; Otsego HS 8 - Rocky Point HS 3
BOTTOM OF THE 5TH
Rocky Point HS Eagles batting - Pitching for Otsego HS Bulldogs : RHP Gordon Long
Pitching: RHP Artie Green
Batting: RHB Vincent Turner 0-0: Swinging Strike
0-1: Ball
1-1: Ball
2-1: Fly out, F9 (Flyball, 9LSF)
Batting: RHB Fernando Rodríguez 0-0: Ground out 3-1 (Groundball, 34)
Batting: RHB Andrew Pinto 0-0: Called Strike
0-1: Swinging Strike
0-2: Ground out 6-3 (Groundball, 6D)
Bottom of the 5th over - 0 run(s), 0 hit(s), 0 error(s), 0 left on base; Otsego HS 8 - Rocky Point HS 3
TOP OF THE 6TH
Otsego HS Bulldogs batting - Pitching for Rocky Point HS Eagles : LHP Keith Burns
Batting: LHB Dave Wilkinson 0-0: Ground out 6-3 (Groundball, 6)
Batting: RHB Robbie Barnes 0-0: Ball
1-0: Foul Ball, location: 2F
1-1: Ball
2-1: Swinging Strike
2-2: Ball
3-2: SINGLE (Groundball, 6MD)
Batting: RHB Sam Elder 0-0: Called Strike
0-1: Ball
1-1: Ball
2-1: Foul Ball, location: 2F
2-2: Foul Ball, location: 2F
2-2: SINGLE (Groundball, 56) (infield hit)
Robbie Barnes to second
Pitching: RHP António Cordero
Batting: LHB Bill Poe 0-0: Ball
1-0: Foul Ball, location: 2F
1-1: Ball
2-1: Foul Ball, location: 2F
2-2: Foul Ball, location: 2F
2-2: Ball
3-2: Base on Balls
Robbie Barnes to third
Sam Elder to second
Pitching: LHP Rick Estes
Batting: RHB Tim Anderson 0-0: Ball
1-0: Called Strike
1-1: Ball
2-1: Ball
3-1: Called Strike
3-2: Foul Ball, location: 2F
3-2: Foul Ball, location: 2F
3-2: Grounds into double play, 4-6-3 (Groundball, 4M)
Top of the 6th over - 0 run(s), 2 hit(s), 0 error(s), 2 left on base; Otsego HS 8 - Rocky Point HS 3
BOTTOM OF THE 6TH
Rocky Point HS Eagles batting - Pitching for Otsego HS Bulldogs : RHP Artie Green
Batting: SHB Andrés Coronado 0-0: Ground out 3-1 (Groundball, 34)
Batting: RHB Liam Simons 0-0: Ball
1-0: Ball
2-0: Foul Ball, location: 2F
2-1: Swinging Strike
2-2: SINGLE (Groundball, 6) (infield hit)
Batting: RHB Fernando Pagán 0-0: Ball
1-0: Swinging Strike
1-1: Foul Ball, location: 2F
1-2: Foul Ball, location: 2F
1-2: Fly out, F8 (Flyball, 8RS)
Batting: RHB Ramón Garza 0-0: Called Strike
Liam Simons steals 2nd base
0-1: Foul Ball, location: 2F
0-2: Ball
1-2: Ball
2-2: Ground out U3 (Groundball, 3S)
Bottom of the 6th over - 0 run(s), 1 hit(s), 0 error(s), 1 left on base; Otsego HS 8 - Rocky Point HS 3
TOP OF THE 7TH
Otsego HS Bulldogs batting - Pitching for Rocky Point HS Eagles : LHP Rick Estes
Batting: RHB Miguel Vega 0-0: Foul Ball, location: 2F
0-1: Ball
1-1: Ball
2-1: Swinging Strike
2-2: Ball
3-2: Base on Balls
Batting: RHB Michael Carr 0-0: Ball
1-0: Called Strike
1-1: Ball
2-1: Grounds into double play, 4-6-3 (Groundball, 4)
Pitching: RHP Nick Cox
Batting: RHB Pedro Ayala 0-0: Foul Ball, location: 2F
0-1: Ball
1-1: Foul Ball, location: 2F
1-2: Strikes out swinging
Top of the 7th over - 0 run(s), 0 hit(s), 0 error(s), 0 left on base; Otsego HS 8 - Rocky Point HS 3
BOTTOM OF THE 7TH
Rocky Point HS Eagles batting - Pitching for Otsego HS Bulldogs : RHP Artie Green
Batting: LHB Rob Peterson 0-0: Swinging Strike
0-1: Foul Ball, location: 2F
0-2: Ball
1-2: Strikes out swinging
Batting: LHB Gus Price 0-0: Swinging Strike
0-1: Ball
1-1: Reached on error, E6 (Groundball, 6)
Batting: RHB Vincent Turner 0-0: Ball
1-0: Called Strike
Gus Price steals 2nd base
1-1: Ball
2-1: Ball
3-1: Called Strike
3-2: Foul Ball, location: 2F
3-2: Foul Ball, location: 2F
3-2: Base on Balls
Batting: RHB Fernando Rodríguez 0-0: Ball
1-0: Foul Ball, location: 2F
1-1: Grounds into double play, 5-4-3 (Groundball, 56)
Bottom of the 7th over - 0 run(s), 0 hit(s), 1 error(s), 1 left on base; Otsego HS 8 - Rocky Point HS 3
TOP OF THE 8TH
Otsego HS Bulldogs batting - Pitching for Rocky Point HS Eagles : RHP Nick Cox
Batting: RHB Dan Miller 0-0: Ball
1-0: Called Strike
1-1: Swinging Strike
1-2: Strikes out swinging
Batting: LHB Dave Wilkinson 0-0: Ball
1-0: Called Strike
1-1: Ball
2-1: Ball
3-1: Base on Balls
Batting: RHB Robbie Barnes 0-0: Called Strike
0-1: Swinging Strike
0-2: Ball
1-2: Foul Ball, location: 2F
1-2: Ball
2-2: Ball
3-2: SINGLE (Groundball, 6MD)
Dave Wilkinson to second
Batting: RHB Sam Elder 0-0: Ball
1-0: Called Strike
1-1: Ball
2-1: Foul Ball, location: 2F
2-2: SINGLE (Line Drive, 89S)
Dave Wilkinson to third
Robbie Barnes to second
Runner from 3rd tries for Home, SAFE, no throw
Batting: LHB Bill Poe 0-0: Foul Ball, location: 2F
0-1: Ball
1-1: Called Strike
1-2: Ball
2-2: Foul Ball, location: 2F
2-2: Ball
3-2: Foul Ball, location: 2F
3-2: Base on Balls
Robbie Barnes to third
Sam Elder to second
Batting: RHB Tim Anderson 0-0: Foul Ball, location: 2F
0-1: SINGLE (Line Drive, 4MD)
Robbie Barnes scores
Sam Elder to third
Bill Poe to second
Runner from 3rd tries for Home, SAFE, no throw
Batting: RHB Miguel Vega 0-0: Ball
Wild Pitch!
Bill Poe to third
Tim Anderson to second
1-0: Called Strike
1-1: Called Strike
1-2: Strikes out looking
Batting: RHB Michael Carr 0-0: Fly out, F2 (Popup, 13)
Top of the 8th over - 3 run(s), 3 hit(s), 0 error(s), 2 left on base; Otsego HS 11 - Rocky Point HS 3
BOTTOM OF THE 8TH
Rocky Point HS Eagles batting - Pitching for Otsego HS Bulldogs : RHP Artie Green
Batting: RHB Andrew Pinto 0-0: Ball
1-0: Ball
2-0: Fly out, F9 (Line Drive, 89M)
Batting: SHB Andrés Coronado 0-0: Fly out, F9 (Flyball, 9S)
Batting: RHB Liam Simons 0-0: Fly out, F9 (Flyball, 9)
Bottom of the 8th over - 0 run(s), 0 hit(s), 0 error(s), 0 left on base; Otsego HS 11 - Rocky Point HS 3
TOP OF THE 9TH
Otsego HS Bulldogs batting - Pitching for Rocky Point HS Eagles : RHP Nick Cox
Batting: RHB Pedro Ayala 0-0: Ball
1-0: Called Strike
1-1: Ball
2-1: Ball
3-1: SINGLE (Line Drive, 7LM)
Batting: RHB Dan Miller 0-0: Called Strike
0-1: Ball
1-1: Ball
2-1: Ball
3-1: Grounds into double play, 6-4-3 (Groundball, 6)
Batting: LHB Dave Wilkinson 0-0: Ball
1-0: Ball
2-0: Ball
3-0: Base on Balls
Batting: RHB Robbie Barnes 0-0: Ball
Dave Wilkinson steals 2nd base
1-0: Ball
2-0: Foul Ball, location: 2F
2-1: Foul Ball, location: 2F
2-2: Foul Ball, location: 2F
2-2: Foul Ball, location: 2F
2-2: Ball
3-2: Reached on error, E5 (Groundball, 5)
Dave Wilkinson scores
Pitching: LHP Pedro Cháves
Batting: RHB Sam Elder 0-0: Ball
1-0: Called Strike
1-1: Called Strike
1-2: Fly out, F7 (Line Drive, 7)
Top of the 9th over - 1 run(s), 1 hit(s), 1 error(s), 1 left on base; Otsego HS 12 - Rocky Point HS 3
BOTTOM OF THE 9TH
Rocky Point HS Eagles batting - Pitching for Otsego HS Bulldogs : RHP Artie Green
Now in LF: Mike Tate
Batting: RHB Fernando Pagán 0-0: SINGLE (Line Drive, 56)
Batting: RHB Ramón Garza 0-0: Foul Ball, location: 2F
0-1: Ball
1-1: Swinging Strike
1-2: Ball
2-2: Ball
3-2: Base on Balls
Fernando Pagán to second
Pitching: RHP P.J. Pittman
Batting: LHB Rob Peterson 0-0: Ball
1-0: Ball
2-0: Called Strike
2-1: Ball
3-1: Base on Balls
Fernando Pagán to third
Ramón Garza to second
Batting: LHB Gus Price 0-0: Foul Ball, location: 2F
0-1: Called Strike
0-2: Fly out, F9 (Flyball, 9)
Batting: RHB Vincent Turner 0-0: Foul Ball, location: 2F
0-1: Swinging Strike
0-2: Ball
1-2: Ball
2-2: Foul Ball, location: 2F
2-2: Ball
3-2: Base on Balls
Fernando Pagán scores
Ramón Garza to third
Rob Peterson to second
Batting: RHB Fernando Rodríguez 0-0: Foul Ball, location: 2F
0-1: Ball
1-1: Foul Ball, location: 2F
1-2: Ball
2-2: Ball
3-2: Base on Balls
Ramón Garza scores
Rob Peterson to third
Vincent Turner to second
Batting: RHB Andrew Pinto 0-0: Ball
1-0: GRAND SLAM HOME RUN (Flyball, 7D), Distance : 363 ft
Pitching: RHP Jorge Alarcon
Batting: SHB Andrés Coronado 0-0: Called Strike
0-1: Ball
1-1: Ball
2-1: SINGLE (Groundball, 4MD)
Pitching: RHP Gavin Shnairson
Batting: RHB Liam Simons 0-0: Called Strike
0-1: Ball
1-1: Foul Ball, location: 2F
1-2: Ball
2-2: Foul Ball, location: 2F
2-2: Strikes out swinging
Batting: RHB Fernando Pagán 0-0: Ball
1-0: Ball
2-0: Ball
3-0: Called Strike
3-1: Foul Ball, location: 2F
3-2: Base on Balls
Andrés Coronado to second
Batting: RHB Ramón Garza 0-0: Called Strike
0-1: Swinging Strike
0-2: Foul Ball, location: 2F
0-2: Ball
1-2: Ball
2-2: 3-RUN HOME RUN (Flyball, 7D), Distance : 376 ft
Batting: LHB Rob Peterson 0-0: Foul Ball, location: 2F
0-1: Swinging Strike
0-2: Ball
1-2: Ball
2-2: Strikes out swinging
Bottom of the 9th over - 9 run(s), 4 hit(s), 0 error(s), 0 left on base; Otsego HS 12 - Rocky Point HS 12
TOP OF THE 10TH
Otsego HS Bulldogs batting - Pitching for Rocky Point HS Eagles : LHP Pedro Cháves
Batting: LHB Bill Poe 0-0: Ball
1-0: Foul Ball, location: 2F
1-1: Fly out, F8 (Flyball, 8LM)
Batting: RHB Tim Anderson 0-0: Fly out, F9 (Flyball, 9LM)
Batting: RHB Miguel Vega 0-0: Foul Ball, location: 2F
0-1: Foul Ball, location: 2F
0-2: Fly out, F8 (Flyball, 8LXD)
Top of the 10th over - 0 run(s), 0 hit(s), 0 error(s), 0 left on base; Otsego HS 12 - Rocky Point HS 12
BOTTOM OF THE 10TH
Rocky Point HS Eagles batting - Pitching for Otsego HS Bulldogs : RHP Gavin Shnairson
Pitching: RHP Bill Chambers
Batting: LHB Gus Price 0-0: Called Strike
0-1: SINGLE (Line Drive, 56)
Batting: RHB Vincent Turner 0-0: Ball
1-0: Fly out, F8 (Line Drive, 8LM)
Batting: RHB Fernando Rodríguez 0-0: Ball
1-0: Ball
2-0: Ball
3-0: Called Strike
3-1: Called Strike
3-2: Foul Ball, location: 2F
3-2: Foul Ball, location: 2F
3-2: Grounds into double play, 5-4-3 (Groundball, 5)
Bottom of the 10th over - 0 run(s), 1 hit(s), 0 error(s), 0 left on base; Otsego HS 12 - Rocky Point HS 12
TOP OF THE 11TH
Otsego HS Bulldogs batting - Pitching for Rocky Point HS Eagles : LHP Pedro Cháves
Batting: RHB Michael Carr 0-0: TRIPLE (Flyball, 89M)
Batting: RHB Pedro Ayala 0-0: Called Strike
0-1: Ball
1-1: Ball
2-1: Foul Ball, location: 2F
2-2: Ball
3-2: Foul Ball, location: 2F
3-2: Foul Ball, location: 2F
3-2: Foul Ball, location: 2F
3-2: Foul Ball, location: 2F
3-2: Base on Balls
Batting: RHB Dan Miller 0-0: Ball
1-0: Ground out 6-3 (Groundball, 6)
Pedro Ayala to second
Batting: RHB Mike Tate 0-0: Called Strike
0-1: Ball
1-1: Ball
2-1: Foul Ball, location: 2F
2-2: Foul Ball, location: 2F
2-2: Ball
3-2: Fly out, F9 (Flyball, 9LSF)
Runner from 3rd tags up, SCORES, no throw
Batting: RHB Robbie Barnes 0-0: Swinging Strike
0-1: Ball
1-1: Ball
2-1: Foul Ball, location: 2F
2-2: SINGLE (Groundball, 34D)
Pedro Ayala to third
Runner from 3rd tries for Home, SAFE, no throw
Batting: RHB Sam Elder 0-0: Called Strike
0-1: Ball
Balk!
Robbie Barnes to second
1-1: Swinging Strike
1-2: Ball
2-2: Ball
3-2: Base on Balls
Batting: LHB Bill Poe 0-0: Ball
1-0: Foul Ball, location: 2F
1-1: Ball
2-1: Ball
3-1: Reached on error, E3 (Groundball, 34S)
Robbie Barnes scores
Sam Elder to third
Batting: RHB Tim Anderson 0-0: Ball
1-0: SINGLE (Flyball, 9S)
Sam Elder scores
Bill Poe to third
Runner from 3rd tries for Home, SAFE, throw made home
Tim Anderson to second
Batting: RHB Miguel Vega 0-0: Ball
1-0: Called Strike
1-1: Ball
2-1: Foul Ball, location: 2F
2-2: Ball
3-2: Base on Balls
Batting: RHB Michael Carr 0-0: Called Strike
0-1: Ball
1-1: Fly out, F9 (Flyball, 89M)
Top of the 11th over - 5 run(s), 3 hit(s), 1 error(s), 2 left on base; Otsego HS 17 - Rocky Point HS 12
BOTTOM OF THE 11TH
Rocky Point HS Eagles batting - Pitching for Otsego HS Bulldogs : RHP Bill Chambers
Batting: RHB Andrew Pinto 0-0: Ball
1-0: Foul Ball, location: 2F
1-1: SINGLE (Line Drive, 8LS)
Batting: SHB Andrés Coronado 0-0: Ball
1-0: Swinging Strike
1-1: Ball
2-1: Ball
3-1: Called Strike
3-2: Base on Balls
Andrew Pinto to second
Batting: RHB Liam Simons 0-0: Ball
1-0: Ball
2-0: Ball
3-0: Base on Balls
Andrew Pinto to third
Andrés Coronado to second
Batting: RHB Fernando Pagán 0-0: Ball
1-0: Ball
2-0: Called Strike
2-1: Foul Ball, location: 2F
2-2: Foul Ball, location: 2F
2-2: Strikes out swinging
Batting: RHB Ramón Garza 0-0: Called Strike
0-1: Ball
1-1: Ball
2-1: Ball
3-1: Base on Balls
Andrew Pinto scores
Andrés Coronado to third
Liam Simons to second
Batting: LHB Rob Peterson 0-0: Ball
1-0: Fly out, F7 (Line Drive, 7)
Runner from 3rd tags up, SCORES, throw made
Pitching: RHP Robinson Jiménez
Batting: LHB Gus Price 0-0: Ball
1-0: Ball
2-0: Called Strike
2-1: Called Strike
2-2: Ball
3-2: Ground out 3-1 (Groundball, 34S)
Bottom of the 11th over - 2 run(s), 1 hit(s), 0 error(s), 2 left on base; Otsego HS 17 - Rocky Point HS 14
Thursday, March 30th, 2017 - OOTP Baseball 17.12 Build 75